 Dungeon Crawl Stone Soup version 0.31.0-12-g77e489cdc1 (webtiles) character file.

Game seed: 15564128934255834552

5287 Marvel the Cleaver (level 10, 0/98 HPs)
             Began as a Troll Fighter on Feb 19, 2024.
             Was a Follower of Qazlal.
             Slain by a killer bee (5 damage)
             ... on level 9 of the Dungeon.
             The game lasted 00:12:04 (6747 turns).

Marvel the Cleaver (Troll Fighter)                  Turns: 6747, Time: 00:12:05

Health: 0/98       AC:  5    Str: 30    XL:     10   Next: 37%
Magic:  9/9        EV: 10    Int:  4    God:    Qazlal [*.....]
Gold:   331        SH: 10    Dex:  9    Spells: 9/9 levels left

rFire   . . .        J - +7 war axe
rCold   . . .        c - +0 kite shield
rNeg    . . .        K - +0 troll leather armour
rPois   .            (helmet restricted)
rElec   .            m - scarf {shadows}
rCorr   .            (gloves unavailable)
SInv    .            (boots unavailable)
Will    .....        (no amulet)
Stlth   +            (no ring)
HPRegen 1.96/turn    (no ring)
MPRegen 0.11/turn

%: no passive effects
@: lethally poisoned (0 -> -1), studying Maces & Flails
A: large, unfitting armour, claws 3, regeneration 1, shaggy fur 1, tough skin 1
a: Renounce Religion


You were on level 9 of the Dungeon.
You worshipped Qazlal.
Qazlal was aware of your devotion.
You visited 2 branches of the dungeon, and saw 10 of its levels.

You collected 331 gold pieces.

Inventory:

Hand Weapons
 a - a +0 war axe
 A - a +0 triple sword
 F - a +0 battleaxe
 J - a +7 war axe (weapon)
Missiles
 k - 35 poisoned darts (quivered)
 u - a throwing net
Armour
 b - a +0 robe
 c - a +0 kite shield (worn)
 m - a scarf of shadows (worn)
 s - a +2 robe of cold resistance
 K - a +0 troll leather armour (worn)
Jewellery
 d - a ring of wizardry
 B - a ring of fire
 M - a +6 ring of intelligence
Wands
 t - a wand of polymorph (3)
 C - a wand of digging (6)
 I - a wand of iceblast (9)
 L - a wand of acid (10)
Scrolls
 e - a scroll of enchant armour {unknown}
 f - 8 scrolls of identify {unknown}
 j - a scroll of revelation {unknown}
 q - 2 scrolls of fear {unknown}
 r - a scroll of vulnerability {unknown}
 w - 2 scrolls of brand weapon {unknown}
 y - a scroll of poison {unknown}
 z - a scroll of blinking {unknown}
 D - a scroll of amnesia {unknown}
 E - a scroll of immolation {unknown}
 G - a scroll of teleportation {unknown}
Potions
 g - 2 potions of degeneration {unknown}
 h - 3 potions of lignification {unknown}
 i - 9 potions of curing
 l - 3 potions of enlightenment {unknown}
 n - 2 potions of invisibility {unknown}
 o - a potion of brilliance {unknown}
 p - 2 potions of heal wounds {unknown}
 v - 2 potions of mutation {unknown}
 x - a potion of might
 H - a potion of attraction {unknown}


   Skills:
 + Level 6.2 Fighting
 + Level 9.5 Axes
 + Level 1.0 Throwing
 + Level 1.2 Armour
 + Level 5.9 Dodging
 - Level 5.0 Shields


You had 9 spell levels left.
You didn't know any spells.
Your spell library contained the following spells:

 Spells                   Type           Power      Damage    Failure   Level
 Magic Dart               Conj           0%         1d3       75%         1
 Summon Small Mammal      Summ           0%         N/A       75%         1
 Searing Ray              Conj           0%         2d4       87%         2
 Call Canine Familiar     Summ           0%         N/A       98%         3
 Gell's Gravitas          Tloc           0%         N/A       98%         3
 Teleport Other           Tloc           0%         N/A       98%         3
 Brom's Barrelling Bould  Conj/Erth      0%         2d3       100%        4
 Fulminant Prism          Conj/Alch      0%         3d5       100%        4
 Summon Blazeheart Golem  Fire/Summ      0%         N/A       100%        4
 Vhi's Electric Charge    Tloc/Air       0%         N/A       100%        4
 Arcjolt                  Conj/Air       0%         1d10      100%        5
 Fireball                 Conj/Fire      0%         3d3       100%        5
 Iskenderun's Battlesphe  Conj           0%         2d6       100%        5
 Conjure Ball Lightning   Conj/Air       0%         3x3d6     100%        6
 Dispersal                Tloc           0%         N/A       100%        6
 Plasma Beam              Fire/Air       0%         2x1d10    100%        6
 Orb of Destruction       Conj           0%         9d5       100%        7


Dungeon Overview and Level Annotations

Branches:
Dungeon (9/15)             Temple (1/1) D:6
   Lair: D:8-11         Orc: D:9-12

Altars:
Ashenzari
Cheibriados
Dithmenos
Elyvilon
Fedhas
Gozag
Hepliaklqana
Kikubaaqudgha
Makhleb
Nemelex Xobeh
Okawaru
Qazlal
Ru
Sif Muna
Trog
Uskayaw
Vehumet
Wu Jian
Xom
Yredelemnul
Zin
The Shining One

Shops:
D:2 *   D:8 =

Annotations:
D:9 Erolcha


Innate Abilities, Weirdness & Mutations

You are too large for most types of armour.
You have claws for hands.
Your natural rate of healing is unusually fast.
You are covered in fur. (AC +1)
You have tough skin. (AC +1)


Message History

* * * LOW HITPOINT WARNING * * *
You are more poisoned.
The killer bee poisons you! You block the killer bee's attack.
You miss the killer bee.
The killer bee is moderately wounded.
You slash the killer bee!
You feel very sick.
You block the killer bee's attack. x2; The killer bee closely misses you.
The killer bee stings you but does no damage.
You barely miss the killer bee.
The killer bee is moderately wounded.
You closely miss the killer bee.
You feel very sick. The killer bee stings you.
* * * LOW HITPOINT WARNING * * *
The killer bee stings you.
* * * LOW HITPOINT WARNING * * *
The killer bee stings you but does no damage.
The killer bee stings you.
* * * LOW HITPOINT WARNING * * *
It was a potion of curing.
You feel better. The killer bee completely misses you.
You block the killer bee's attack. The killer bee barely misses you. x2
You closely miss the killer bee.
The killer bee is severely wounded.
You hit the killer bee. You block the killer bee's attack.
The killer bee stings you.
* * * LOW HITPOINT WARNING * * *
The killer bee stings you.
* * * LOW HITPOINT WARNING * * *
The killer bee stings you!
* * * LOW HITPOINT WARNING * * *
You are poisoned.
The killer bee poisons you!
You feel better. You block the killer bee's attack.
The killer bee barely misses you. The killer bee stings you!
* * * LOW HITPOINT WARNING * * *
You are poisoned.
The killer bee poisons you! The killer bee stings you.
You die...

#....#######
#....'.....# .?.
#....#<....# ....
#....#÷....# ....
#....#.....#
.....#....#.....#
.....#....#.....#
.....yy°..#.....#
.....#@...#.....#
.... #....#######
### #....# #....#
#....+ #....#
#...!#


You could see 2 killer bees.

Vanquished Creatures
  Prince Ribbit (D:7)
  A troll (D:9)
  6 slime creatures (D:8)
  2 wyverns (D:8)
  3 yaks
  2 steam dragons
  Duvessa (D:4)
  An ogre (D:5)
  3 black bears
  3 centaurs
  2 kobold brigands
  2 bullfrogs
  A gnoll sergeant (D:5)
  3 scorpions
  6 wights
  Dowan (D:4)
  4 killer bees (D:9)
  2 howler monkeys (D:8)
  8 jellies
  6 hounds
  An orc priest (D:5)
  4 iguanas
  3 orc wizards (D:8)
  3 sleepcaps
  15 gnolls
  8 adders
  2 white imps
  2 ufetubi (D:6)
  2 dart slugs
  A ribbon worm (D:3)
  25 orcs
  A ball python (D:2)
  5 bats
  15 endoplasms
  2 giant cockroaches
  13 goblins
  A hobgoblin (D:1)
  3 jackals (D:3)
  3 quokkas
  6 frilled lizards
  22 kobolds
  4 rats
199 creatures vanquished.

Vanquished Creatures (others)
  A kobold brigand (D:8)
  An orc (D:8)
2 creatures vanquished.

Grand Total: 201 creatures vanquished

Notes
Turn   | Place    | Note
-------+----------+-------------------------------------------
     0 | D:1      | Marvel the Troll Fighter began the quest for the Orb.
     0 | D:1      | Reached XP level 1. HP: 22/22 MP: 0/0
   166 | D:1      | Reached XP level 2. HP: 29/29 MP: 1/1
   405 | D:1      | Found a faded altar of an unknown god.
   648 | D:2      | Reached skill level 2 in Axes
   648 | D:2      | Reached XP level 3. HP: 20/36 MP: 2/2
   862 | D:2      | Noticed a black bear
   867 | D:2      | Killed a black bear
   868 | D:2      | Reached skill level 3 in Axes
   868 | D:2      | Reached XP level 4. HP: 44/44 MP: 3/3
  1024 | D:2      | Found a snail-covered altar of Cheibriados.
  1024 | D:2      | Found a shimmering blue altar of Sif Muna.
  1024 | D:2      | Found a broken altar of Ashenzari.
  1024 | D:2      | Found an ornate altar of the Wu Jian Council.
  1024 | D:2      | Found a basalt altar of Yredelemnul.
  1024 | D:2      | Found a shimmering altar of Xom.
  1030 | D:2      | Reached XP level 5. HP: 45/52 MP: 4/4
  1167 | D:2      | Found Kuseonkyo's General Store.
  1670 | D:3      | Reached XP level 6. HP: 55/61 MP: 5/5
  1999 | D:3      | Identified the +8 whip of Impeachment {freeze, Int+6 Dex-2}
  2178 | D:4      | Reached skill level 4 in Axes
  2300 | D:4      | Noticed Duvessa
  2301 | D:4      | Noticed Dowan
  2477 | D:4      | Killed Duvessa
  2478 | D:4      | Reached XP level 7. HP: 67/67 MP: 6/6
  2499 | D:4      | Killed Dowan
  2712 | D:4      | Reached skill level 5 in Axes
  2799 | D:5      | Entered Level 5 of the Dungeon
  3197 | D:5      | Found a hazy altar of Hepliaklqana.
  3198 | D:5      | Found a bloodstained altar of Trog.
  3203 | D:5      | Found a sparkling altar of Nemelex Xobeh.
  3205 | D:5      | Found a shimmering altar of Xom.
  3213 | D:5      | Reached XP level 8. HP: 53/78 MP: 7/7
  3216 | D:5      | Found a white marble altar of Elyvilon.
  3783 | D:5      | Reached skill level 6 in Axes
  4568 | D:6      | Found an ancient bone altar of Kikubaaqudgha.
  4640 | D:6      | Identified the +4 robe of Okawaru, Crafting {+Blink rPois
                  | rF++ Int-5}
  4735 | D:6      | Found a staircase to the Ecumenical Temple.
  4743 | Temple   | Entered the Ecumenical Temple
  4752 | Temple   | Became a worshipper of Qazlal Stormbringer
  4877 | D:6      | Reached skill level 7 in Axes
  4877 | D:6      | Reached skill level 5 in Shields
  4880 | D:6      | Reached XP level 9. HP: 70/84 MP: 8/8
  5081 | D:7      | Noticed Prince Ribbit
  5092 | D:7      | Killed Prince Ribbit
  5093 | D:7      | Reached skill level 5 in Dodging
  5706 | D:7      | Reached skill level 5 in Fighting
  5727 | D:8      | Reached * piety under Qazlal
  5733 | D:8      | Reached skill level 8 in Axes
  6129 | D:9      | Noticed a troll
  6139 | D:9      | Killed a troll
  6214 | D:8      | Reached skill level 9 in Axes
  6214 | D:8      | Reached XP level 10. HP: 44/98 MP: 9/9
  6219 | D:8      | Reached skill level 1 in Throwing
  6276 | D:8      | Found Bywarchops's Jewellery Shoppe.
  6294 | D:8      | Reached skill level 1 in Armour
  6318 | D:8      | Found a shadowy altar of Dithmenos.
  6422 | D:8      | Found a burning altar of Makhleb.
  6422 | D:8      | Noticed a cacodemon
  6684 | D:9      | Noticed Erolcha
  6684 | D:9      | Noticed a two-headed ogre
  6747 | D:9      | Slain by a killer bee

Illustrated notes

Levels and vault maps discovered:
D:1:      roderic_dead_forest, layout_basic,
          ebering_ecumenical_altar_sacrificial, minmay_tiny_reverse_x
D:2:      cheibrodos_fertilizer, layout_basic, serial_shops,
          nicolae_shop_hallway_plus, nicolae_kite_square_tiling_tiny,
          fountainhead
D:3:      layout_loops_ring
D:4:      layout_gridville, dk_vineyard_2, reono_crystal_passage,
          minmay_manual_moon, uniq_duvessa
D:5:      layout_loops_corners, nicolae_overflow_hallway_of_the_gods
D:6:      wander_river, layout_basic, nicolae_kikubaaqudgha_miasma_corner,
          minmay_temple_entry_crystal_x
D:7:      layout_loops_ring, uniq_prince_ribbit1
D:8:      layout_cave_pools, makhleb_altar_promises_db,
          nicolae_dithmenos_shadow_blocks, serial_shops, shop,
          due_unseen_surprise
D:9:      layout_grid_maze, minmay_lair_entry_grove, serial_shops, shop,
          shop_statue, shop, uniq_psyche, uniq_erolcha, uniq_maggie, uniq_grum
Temple:   eino_temple_lava

Skill      XL: |  1  2  3  4  5  6  7  8  9 10 |
---------------+-------------------------------+-----
Shields        | 3 4 5 |  5.0
Axes           | 2 3 4 5 7 9 |  9.5
Dodging        | 3 4 5 |  5.9
Fighting       | 3 4 5 6 |  6.2
Throwing       | 1 |  1.0
Armour         | 1 |  1.2

Action                     |  1- 3 |  4- 6 |  7- 9 | 10-12 || total
---------------------------+-------+-------+-------+-------++-------
  Melee: War axe           |    70 |   177 |   277 |    50 ||   574
         Unarmed           |       |     5 |       |       ||     5
         Battleaxe         |       |       |    95 |       ||    95
  Throw: Dart              |       |       |    10 |     1 ||    11
    Use: Potion            |       |     1 |       |     2 ||     3
   Stab: Sleeping          |       |       |     1 |       ||     1
 Armour: Robe              |    53 |   104 |   331 |       ||   488
         Skin              |       |    16 |     4 |       ||    20
         Troll leather arm |       |       |    11 |    55 ||    66
  Dodge: Dodged            |    31 |    69 |   197 |    27 ||   324
  Block: Kite shield       |    34 |    86 |   151 |    47 ||   318
